 Dungeon Crawl Stone Soup version 0.31-a0-844-gdc52ec4e09 (webtiles) character file.

Game seed: 11305695837415773552

18 mcwallace the Grasshopper (level 2, -1/15 HPs)
             Began as a Spriggan Warper on Sept 29, 2023.
             Slain by an adder (2 damage)
             ... on level 2 of the Dungeon.
             The game lasted 00:01:56 (1307 turns).

mcwallace the Grasshopper (Spriggan Warper)         Turns: 1307, Time: 00:01:56

Health: -1/15      AC:  2    Str:  7    XL:     2   Next: 48%
Magic:  7/7        EV: 17    Int: 14    God:
Gold:   149        SH:  0    Dex: 14    Spells: 5/7 levels left

rFire   + . .        a - +0 short sword {short}
rCold   + . .        (no shield)
rNeg    . . .        b - +0 robe
rPois   +            (helmet restricted)
rElec   +            (no cloak)
rCorr   +            (gloves unavailable)
SInv    +            (boots unavailable)
Will    .....        (no amulet)
Stlth   +            (no ring)
HPRegen 0.22/turn    (no ring)
MPRegen 0.10/turn

%: no passive effects
@: lethally poisoned (-1 -> -3), resistant, very quick
A: very small, no large weapons, unfitting armour, see invisible, speed 3
a: no special abilities


You were on level 2 of the Dungeon.
You visited 1 branch of the dungeon, and saw 2 of its levels.

You collected 149 gold pieces.


Innate Abilities, Weirdness & Mutations

You are very small and have problems with some larger weapons.
You are too small for most types of armour.
You have supernaturally acute eyesight. (SInv)
You cover ground extremely quickly. (Speed+++)


   Skills:
 + Level 1.8 Fighting
 + Level 2.4 Short Blades
 - Level 1.0 Throwing
 + Level 3.5 Dodging
 + Level 3.0 Spellcasting
 + Level 4.7 Translocations


You had 5 spell levels left.
You knew the following spells:

 Your Spells              Type           Power      Damage    Failure   Level
a - Blink                 Tloc           30%        N/A       4%          2

Your spell library contained the following spells:

 Spells                   Type           Power      Damage    Failure   Level
 Lesser Beckoning         Tloc           30%        N/A       4%          2
 Gell's Gravitas          Tloc           15%        N/A       10%         3
 Teleport Other           Tloc           15%        N/A       10%         3
 Manifold Assault         Tloc           15%        N/A       30%         4
 Vhi's Electric Charge    Tloc/Air       16%        N/A       63%         4
 Dispersal                Tloc           7%         N/A       99%         6

Inventory:

Hand Weapons
 a - a +0 short sword (weapon) {short}
Missiles
 d - 7 darts of dispersal (quivered) {=f!fthrowing}
 h - 20 stones {throwing}
 j - 2 boomerangs {throwing}
Armour
 b - a +0 robe (worn)
Scrolls
 c - a scroll of blinking {!r}
 g - 3 scrolls of identify {unknown}
 i - a scroll of vulnerability {unknown}
 k - a scroll of enchant weapon {unknown}
Potions
 f - a potion of heal wounds {unknown}

Dungeon Overview and Level Annotations

Branches:
Dungeon (2/15) Zot: 11023

Altars:

###.####>###..<.....
#.#......#.........##......##
###.#.............[#...........
#...................)..........
#....................##........
#...................###......##
#........................######
#..................#######
#<.).........S@....#
#.................##
###..................#
...S.#.#.####.....##.#
.......#..# #...... >#
.....####......#...... ...g##
####......##.. ....## #.......
... .###.##


You could see an adder.


Message History

You hit the bat.
You kill the bat!
No target in view!
k - a scroll labelled SOIZXA TUTH Key pressed, stopping explore.
No target in view!
No target in view!
A frilled lizard comes into view.
The frilled lizard hisses angrily.
A frilled lizard is nearby!
A frilled lizard is nearby!
A frilled lizard is nearby!
A frilled lizard is nearby!
The frilled lizard misses you.
You miss the frilled lizard. The frilled lizard barely misses you.
You miss the frilled lizard. The frilled lizard closely misses you.
A frilled lizard is nearby!
A frilled lizard is nearby!
You hit the frilled lizard. The frilled lizard closely misses you.
You hit the frilled lizard but do no damage.
A frilled lizard is nearby!
You barely miss the frilled lizard. The frilled lizard closely misses you.
A frilled lizard is nearby!
You hit the frilled lizard.
You kill the frilled lizard!
Your Spellcasting skill increases to level 3!
Unknown command.
No target in view!
Key pressed, stopping explore.
No target in view! 😎 MP[+1]
Your mp is fully restored (7).
An endoplasm comes into view.
An endoplasm is nearby!
The endoplasm quivers.
An endoplasm is nearby!
An endoplasm is nearby!
An endoplasm is nearby!
The endoplasm freezes you.
You are frozen. 😮 HP[-5]
You take 5 damage, and now have 10/15 hp.
MASSIVE DAMAGE!! (PAUSE)
You are too injured to fight recklessly!
An endoplasm is nearby!
You are too injured to fight recklessly!
You are too injured to fight recklessly!
You are too injured to fight recklessly!
You hit the endoplasm. You hit the endoplasm.
You kill the endoplasm!
A goblin comes into view. It is wielding a +0 dagger. 😎 HP[+5]
Your hp is fully restored (15).
A goblin is nearby!
A goblin is nearby!
A goblin is nearby!
The goblin shouts!
You hit the goblin.
You kill the goblin!
No target in view!
No target in view!
No target in view!
You see here a +0 club {mace}.
Key pressed, stopping explore.
Found a stone staircase leading down.
An adder is nearby!
An adder is nearby!
The adder hisses angrily.
You miss the adder. The adder barely misses you.
You closely miss the adder. The adder bites you.
You are poisoned.
The adder poisons you! 😕 HP[-2]
You take 2 damage, and now have 13/15 hp.
You hit the adder.
You feel sick. The adder bites you.
You are more poisoned.
The adder poisons you! 😮 HP[-3]
You take 3 damage, and now have 10/15 hp.
You hit the adder.
You feel sick. The adder closely misses you. 😮 HP[-2]
You take 2 damage, and now have 8/15 hp.
You barely miss the adder.
You feel sick. The adder bites you.
* * * LOW HITPOINT WARNING * * *
😨 HP[-1]
You take 1 damage, and now have 7/15 hp.
You miss the adder.
* * * LOW HITPOINT WARNING * * *
You feel sick. The adder bites you.
* * * LOW HITPOINT WARNING * * *
The adder misses you. 😱 HP[-5]
You take 5 damage, and now have 2/15 hp.
MASSIVE DAMAGE!! (PAUSE) It was a potion of resistance.
You feel protected.
* * * LOW HITPOINT WARNING * * *
You feel sick. The adder bites you.
You die...

Skill      XL: |  1  2 |
---------------+-------+-----
Spellcasting   | 3 |  3.0
Fighting       | |  1.8
Short Blades   | |  2.4
Throwing       | |  1.0
Dodging        | |  3.5
Translocations | |  4.7

Action                     || total
---------------------------++-------
  Melee: Short sword       ||    90
    Use: Potion            ||     1
   Stab: Sleeping          ||     1
 Armour: Robe              ||    25
  Dodge: Dodged            ||    52

Levels and vault maps discovered:
D:1:      eino_arrival_cavern_e, layout_loops_cross
D:2:      layout_rooms, nicolae_concentric_dashed_squares_mild,
          uniq_crazy_yiuf_cottage

Notes
Turn   | Place    | Note
-------+----------+-------------------------------------------
     0 | D:1      | mcwallace the Spriggan Warper began the quest for the Orb.
     0 | D:1      | Reached XP level 1. HP: 10/10 MP: 5/5
     0 | D:1      | magus.rc [v1.9.6]
   147 | D:1      | You add the spells Gell's Gravitas and Dispersal to your
                  | library.
   531 | D:1      | Reached XP level 2. HP: 15/15 MP: 6/6
   644 | D:1      | Learned a level 2 spell: Blink
  1201 | D:2      | Reached skill level 3 in Spellcasting
  1306 | D:2      | HP: 2/15 [adder (3)]
  1307 | D:2      | Slain by an adder

Vanquished Creatures
  2 dart slugs
  A ball python (D:1)
  An endoplasm (D:2)
  3 goblins
  2 kobolds (D:1)
  A quokka (D:2)
  A bat (D:2)
  A frilled lizard (D:2)
  2 rats (D:1)
14 creatures vanquished.

Table legend:
 A = Non-vault XP
 B = Vault XP
 C = Vault XP percentage of total XP
 D = Non-vault monster count
 E = Vault monster count
 F = Vault count percentage of total count
                 A         B        C        D         E       F
            +---------+---------+-------+---------+---------+-------
      Total |      26 |       0 |   0.0 |      14 |       0 |   0.0
            +---------+---------+-------+---------+---------+-------
        D:1 |      13 |       0 |   0.0 |       7 |       0 |   0.0
        D:2 |      13 |       0 |   0.0 |       7 |       0 |   0.0
            +---------+---------+-------+---------+---------+-------

Skill      XL: |  1  2 |
---------------+-------+-----
Spellcasting   | 3 |  3.0
Fighting       | |  1.8
Short Blades   | |  2.4
Throwing       | |  1.0
Dodging        | |  3.5
Translocations | |  4.7

Action                     || total
---------------------------++-------
  Melee: Short sword       ||    90
    Use: Potion            ||     1
   Stab: Sleeping          ||     1
 Armour: Robe              ||    25
  Dodge: Dodged            ||    52

Illustrated notes

Table legend:
 A = Kills in this place as a percentage of kills in the entire game.
 B = Kills by you in this place as a percentage of kills by you in the entire game.
 C = Kills by friends in this place as a percentage of kills by friends in the entire game.
 D = Other kills in this place as a percentage of other kills in the entire game.
 E = Experience gained in this place as a percentage of experience gained in the entire game.
 F = Experience gained in this place divided by the number of levels of this place that you have seen.
                   A       B       C       D       E      F
               +-------+-------+-------+-------+-------+----------------------
         Total | 100.0 | 100.0 |   N/A |   N/A | 100.0 |  13.0
       Dungeon | 100.0 | 100.0 |   N/A |   N/A | 100.0 |  13.0
               +-------+-------+-------+-------+-------+----------------------

Table legend: (Time is in decaauts)
 A = Elapsed time spent in this place.
 B = Non-inter-level travel time spent in this place.
 C = Inter-level travel time spent in this place.
 D = Time resting spent in this place.
 E = Time spent auto-exploring this place.
 F = Levels seen in this place.
 G = Mean time per level.
                   A        B        C        D        E       F      G
               +--------+--------+--------+--------+--------+-----+--------+
         Total |    975 |    925 |     50 |    264 |    506 |   2 |  487.5 |
       Dungeon |    975 |    925 |     50 |    264 |    506 |   2 |  487.5 |
               +--------+--------+--------+--------+--------+-----+--------+

Top non-repeatable levels by time:
     D:1: 734 daAuts
     D:2: 241 daAuts
